cohdb
Replays
Latest Replays
All Replays
Popular Replays
Top Player Replays
Match Explorer
How It Works
Community
CoH3 Stats
Reddit
Sign in to upload your games and track your stats! →
Sign in with Steam
Match 45438077
Unlisted
Match 45438077
Overview
Messages
Build Orders
End
Scout Squad
Construct Barracks
Selects Armored Battlegroup
Selects Assault Engineers
Assault Engineer Squad
Assault Engineer Squad
Assault Engineer Squad
Construct Weapon Support Center
Air Support Center
M3 Armored Personnel Carrier
Grasshopper Recon Run
P-47 Strafing Run
Construct Medical Station
Selects Fast Deploy
Assault Engineer Squad
Construct Motor Pool
Grasshopper Recon Run
P-47 Strafing Run
M8 Greyhound Armored Car
M8 Greyhound Armored Car
Air Supply
Double Sortie
Selects M31 Recovery Vehicle
P-47 Strafing Run
Grasshopper Recon Run
P-47 Dive Bomb
K̳itsuné
[COHBR/RJ]Roney
0
0
Comments
sign in to comment!
No comments posted yet!